 Dungeon Crawl Stone Soup version 0.17.0-24-gcfadda4 (webtiles) character file.

8294 inmateoo the Martial Artist (level 11, -2/87 HPs)
             Began as a Merfolk Wanderer on Nov 15, 2015.
             Was a High Priest of Cheibriados.
             Slain by a hill giant
             ... wielding a +0 giant club
              (29 damage)
             ... on level 10 of the Dungeon.
             The game lasted 00:22:42 (11200 turns).

inmateoo the Martial Artist (Merfolk Wanderer)     Turns: 11200, Time: 00:22:42

Health: -2/87      AC: 16    Str: 26 (27) XL:     11   Next: 28%
Magic:  15/15      EV: 24    Int: 26      God:    Cheibriados [*****.]
Gold:   566        SH:  0    Dex: 31      Spells: 0 memorised, 10 levels left

rFire  + + +     SeeInvis .       - Unarmed
rCold  + . .     Clarity  .     t - +3 leather armour {rPois}
rNeg   . . .     SustAt   .     (no shield)
rPois  +         Gourm    .     r - +0 hat {MR+}
rElec  .         Spirit   .     f - +0 cloak
rCorr  .         Warding  .     (no gloves)
rMut   .         Stasis   .     D - +2 pair of boots of Submission {-Cast +Inv rF+++ Stlth+}
MR     +....     NoCast   +     (no amulet)
Stlth  +++++.....               j - +4 ring of dexterity
                                I - +2 ring of protection

@: very slow, somewhat resistant to hostile enchantments, quite stealthy
A: change form in water, swift swim, iridescent scales 1, cold resistance 1,
deterioration 1, high mp 1, subdued magic 2
a: Bend Time, Temporal Distortion, Slouch, Step From Time, Renounce Religion,
Evoke Invisibility


You were on level 10 of the Dungeon.
You worshipped Cheibriados.
Cheibriados was extremely pleased with you.
You were not hungry.

You visited 2 branches of the dungeon, and saw 11 of its levels.
You visited the Abyss 1 time.
You also visited: Sewer and Ossuary.

You collected 566 gold pieces.

Inventory:

Hand Weapons
 c - a +1 hand crossbow
Missiles
 d - 21 bolts
Armour
 f - a +0 cloak (worn)
 h - a +0 helmet
 r - a +0 hat of magic resistance (worn)
 t - a +3 leather armour of poison resistance (worn)
 D - the +2 pair of boots of Submission (worn) {-Cast +Inv rF+++ Stlth+}
   (You acquired it in an ossuary)

   It renders you almost immune to fire.
   It lets you turn invisible.
   It prevents spellcasting.
   It makes you more stealthy.
Jewellery
 j - a +4 ring of dexterity (right hand)
 I - a +2 ring of protection (left hand)
Wands
 w - a wand of confusion (18)
 C - a wand of flame (32)
Scrolls
 b - 6 scrolls of fear
 e - a scroll of identify
 q - 2 scrolls of fog
 y - 6 scrolls of teleportation
 A - 3 scrolls of remove curse
 B - 3 scrolls of enchant armour
 J - a scroll of magic mapping
Potions
 a - 8 potions of heal wounds
 k - a potion of might
 l - 7 potions of curing
 o - a potion of invisibility
 s - 3 potions of agility
 u - 3 potions of resistance
 x - 2 potions of flight
 z - a potion of magic
 F - a potion of brilliance
Books
 v - a book of Beasts

   Spells                             Type                      Level
   a - Summon Butterflies             Summoning                    1
   b - Call Canine Familiar           Summoning                    3
   c - Summon Ice Beast               Ice/Summoning                4
   d - Summon Mana Viper              Hexes/Summoning              5
   e - Summon Hydra                   Summoning                    7
 G - a book of Envenomations

   Spells                             Type                      Level
   a - Spider Form                    Transmutation/Poison         3
   b - Alistair's Intoxication        Transmutation/Poison         4
   c - Olgreb's Toxic Radiance        Poison                       4
   d - Poisonous Cloud                Conjuration/Poison/Air       6
Comestibles
 g - 9 bread rations
 i - 10 beef jerkies
 m - a royal jelly
 n - 5 fruits
 p - 4 meat rations
 E - a slice of pizza


   Skills:
 + Level 8.8 Fighting
   Level 1.0 Bows
 - Level 2.7 Crossbows
 - Level 1.0 Armour
 + Level 10.0 Dodging
 + Level 5.4 Stealth
   Level 1.0 Shields
 * Level 11.8 Unarmed Combat
 + Level 4.4 Invocations
 + Level 4.1 Evocations


You had 10 spell levels left.
You didn't know any spells.

Dungeon Overview and Level Annotations

Branches:
Dungeon (10/15)            Temple (1/1) D:6
   Lair: D:8-11         Orc: D:9-12

Altars:
Ashenzari
Cheibriados
Dithmenos
Fedhas
Gozag
Kikubaaqudgha
Makhleb
Okawaru
Qazlal
Ru
Sif Muna
Trog
Vehumet
Xom
Yredelemnul
Zin
The Shining One

Annotations:
D:4 1 runed door
D:8 Erolcha


Innate Abilities, Weirdness & Mutations

You revert to your normal form in water.
You are very nimble and swift while swimming.
You are partially covered in iridescent scales (AC +4).
Your flesh is cold resistant.
You have an increased reservoir of magic (+10% MP).
[Your body sometimes deteriorates upon taking damage.]
[Your spells are easier to cast, but less powerful.]


Message History

There is a stone staircase leading up here.
You now have 566 gold pieces (gained 13).
There is a stone staircase leading down here.
A yak comes into view.
A yak is nearby!
A yak is nearby! 2 yaks come into view.
A yak comes into view.
A hill giant comes into view. It is wielding a giant club.
The hill giant shouts!
The hill giant hits you with a giant club!!
You hit the hill giant.
The hill giant is lightly wounded.
You punch the hill giant!
The hill giant is moderately wounded.
The hill giant hits you with a giant club!!
You hit the hill giant.
The hill giant is moderately wounded.
The hill giant hits you with a giant club!!
You die...

...# ...#
#..# #..#
#..# #..#
#..######.
#.@C......
#.#####...
#.# #.# .
#.# .#
#.#####.#
#.......#
#.......#
#.......#


You could see a hill giant.

Vanquished Creatures
  Gastronok (D:8)
  Psyche (D:8)
  A ynoxinul (Abyss:1)
  The ghost of oplop the Changer, an amateur FeTm (D:6)
  3 wolves (D:8)
  Grum (D:8)
  A water moccasin (D:9)
  The ghost of BLOAX the Ducker, an amateur DEMo of Cheibriados (D:4)
  A large abomination (Abyss:1)
  A black bear (D:7)
  An eye of draining (D:9)
  3 phantoms
  3 centaurs
  An ice beast (D:6)
  2 sky beasts
  5 orc warriors
  A small abomination (Abyss:2)
  3 ogres
  2 elf zombies (Ossuary)
  A big kobold (D:9)
  3 giant frogs
  A water moccasin zombie (D:6)
  17 killer bees
  4 scorpions
  3 wights (D:9)
  2 crimson imps
  3 human zombies (Ossuary)
  5 jellies
  2 giant frog skeletons
  3 centaur zombies
  2 giant frog zombies
  5 hounds
  8 orc priests
  A gnoll shaman (D:4)
  6 iguanas
  4 orc wizards
  A killer bee zombie (D:8)
  7 worker ants
  A big kobold zombie (Ossuary)
  2 hound zombies
  2 hound skeletons
  3 mummies (Ossuary)
  8 gnolls
  3 river rats (Sewer)
  10 adders
  3 shadow imps
  2 adder zombies (Ossuary)
  An adder skeleton (D:7)
  3 worms
  11 giant geckos
  36 orcs
  4 ball pythons
  18 giant cockroaches
  2 gnoll zombies (Ossuary)
  8 hobgoblins
  14 jackals
  2 quokkas (D:8)
  7 bats
  A giant cockroach zombie (D:5)
  A giant gecko zombie (D:9)
  19 giant newts
  7 goblins
  4 goblin zombies
  3 hobgoblin zombies
  A jackal skeleton (D:4)
  7 jackal zombies (Ossuary)
  7 kobolds
  A kobold skeleton (D:4)
  3 kobold zombies (Ossuary)
  2 quokka zombies (Ossuary)
  11 rats
  5 rat zombies (Ossuary)
323 creatures vanquished.

Vanquished Creatures (others)
  A sky beast (D:6)
1 creature vanquished.

Grand Total: 324 creatures vanquished

Notes
Turn   | Place    | Note
--------------------------------------------------------------
     0 | D:1      | inmateoo the Merfolk Wanderer began the quest for the Orb.
     0 | D:1      | inmateoo set off with: a potion of heal wounds, a scroll of fear, a +0 hand crossbow, 25 bolts, a potion of lignification, a +0 robe, a bread ration
     0 | D:1      | Reached XP level 1. HP: 18/18 MP: 1/1
    34 | D:1      | Reached skill level 1 in Dodging
   164 | D:1      | Reached XP level 2. HP: 17/24 MP: 2/2
   438 | D:1      | Reached XP level 3. HP: 18/29 MP: 3/3
   747 | D:1      | Reached skill level 4 in Unarmed Combat
  1099 | D:2      | Found a burning altar of Makhleb.
  1457 | D:2      | Reached XP level 4. HP: 35/35 MP: 4/4
  1776 | D:3      | Reached skill level 1 in Crossbows
  1932 | D:3      | Noticed a sky beast
  1950 | D:3      | Killed a sky beast
  1950 | D:3      | Reached XP level 5. HP: 10/42 MP: 5/5
  1958 | D:3      | Gained mutation: You are partially covered in iridescent scales (AC +4). [mutagenic meat]
  1959 | D:3      | Gained mutation: [Your spells are a little easier to cast, but a little less powerful.] [mutagenic meat]
  1960 | D:3      | Gained mutation: You have an increased reservoir of magic (+10% MP). [mutagenic meat]
  1962 | D:3      | Gained mutation: Your flesh is cold resistant. [mutagenic meat]
  2541 | D:3      | Reached XP level 6. HP: 38/48 MP: 6/6
  2856 | D:4      | Found a runed door.
  2856 | D:4      | Noticed a human
  2866 | D:4      | Found a basalt altar of Yredelemnul.
  2953 | D:4      | Reached skill level 5 in Unarmed Combat
  3239 | D:4      | Noticed BLOAX's ghost (amateur DEMo)
  3254 | D:4      | Killed BLOAX's ghost
  3254 | D:4      | Reached skill level 5 in Dodging
  3254 | D:4      | Reached XP level 7. HP: 55/55 MP: 7/7
  3586 | D:4      | Found a glowing golden altar of the Shining One.
  3879 | D:4      | Reached skill level 6 in Unarmed Combat
  3901 | D:4      | Reached skill level 5 in Fighting
  4142 | D:5      | Entered Level 5 of the Dungeon
  4263 | D:5      | Found a glowing drain.
  4286 | Sewer    | Entered a sewer
  4905 | D:5      | Found an ancient bone altar of Kikubaaqudgha.
  4905 | D:5      | Found a blossoming altar of Fedhas.
  5448 | D:6      | Reached XP level 8. HP: 63/63 MP: 8/8
  5492 | D:6      | Reached skill level 7 in Unarmed Combat
  5792 | D:6      | Noticed oplop's ghost (amateur FeTm)
  5821 | D:6      | Killed oplop's ghost
  5827 | D:6      | Reached skill level 8 in Unarmed Combat
  6293 | D:6      | Reached XP level 9. HP: 52/71 MP: 9/9
  6572 | D:6      | Found a staircase to the Ecumenical Temple.
  6600 | Temple   | Entered the Ecumenical Temple
  6620 | Temple   | Became a worshipper of Cheibriados the Contemplative
  6647 | Temple   | Reached skill level 9 in Unarmed Combat
  7419 | D:7      | Reached * piety under Cheibriados
  7583 | D:7      | Found a sand-covered staircase.
  7633 | Ossuary  | Entered an ossuary
  7657 | Ossuary  | Reached ** piety under Cheibriados
  7679 | Ossuary  | Reached skill level 10 in Unarmed Combat
  7959 | Ossuary  | Reached *** piety under Cheibriados
  7979 | Ossuary  | Identified a scroll of acquirement
  7982 | Ossuary  | Got a pair of polished boots
  7988 | Ossuary  | Identified the +2 pair of boots of Submission {-Cast +Inv rF+++ Stlth+} (You acquired it in an ossuary)
  8124 | D:6      | Reached skill level 1 in Invocations
  8270 | D:7      | Reached skill level 1 in Evocations
  8270 | D:7      | Reached XP level 10. HP: 77/80 MP: 10/12
  8949 | D:8      | Noticed Psyche
  8960 | D:8      | Killed Psyche
  9061 | D:8      | Noticed Grum
  9069 | D:8      | Killed Grum
  9073 | D:8      | Reached **** piety under Cheibriados
  9176 | D:8      | Reached skill level 11 in Unarmed Combat
  9252 | D:8      | Noticed Erolcha
  9263 | D:8      | Cast into the Abyss (Erolcha)
  9263 | Abyss:1  | Found a corrupted altar of Lugonu.
  9302 | Abyss:1  | Noticed a mottled draconian monk
  9310 | Abyss:1  | Noticed a purple very ugly thing
  9310 | Abyss:1  | Noticed a purple ugly thing
  9310 | Abyss:1  | Noticed a purple ugly thing
  9310 | Abyss:1  | Noticed a purple ugly thing
  9310 | Abyss:1  | Noticed a purple ugly thing
  9335 | Abyss:1  | Noticed a thrashing horror
  9400 | Abyss:1  | Noticed a large abomination
  9401 | Abyss:1  | Noticed a wretched star
  9443 | Abyss:1  | Noticed an apocalypse crab
  9623 | Abyss:2  | Noticed a large abomination
  9631 | D:8      | Escaped the Abyss
  9720 | D:8      | Found a shimmering altar of Xom.
  9736 | D:8      | Found a radiant altar of Vehumet.
  9739 | D:8      | Found an iron altar of Okawaru.
  9742 | D:8      | Found an opulent altar of Gozag.
  9787 | D:8      | Noticed Gastronok
  9804 | D:8      | Killed Gastronok
  9804 | D:8      | Reached XP level 11. HP: 21/78 MP: 13/13
 10413 | D:9      | Reached ***** piety under Cheibriados
 10427 | D:9      | Reached skill level 5 in Stealth
 11011 | D:9      | Reached skill level 10 in Dodging
 11162 | D:10     | Entered Level 10 of the Dungeon
 11196 | D:10     | Noticed a hill giant
 11200 | D:10     | Slain by a hill giant

Action                   |  1- 3 |  4- 6 |  7- 9 | 10-12 || total
-------------------------+-------+-------+-------+-------++-------
Melee: Unarmed           |    10 |   113 |   634 |   306 ||  1063
 Fire: Hand crossbow     |   106 |    60 |    18 |       ||   184
Evoke: Wand              |       |       |     4 |       ||     4
  Use: Potion            |       |     2 |     2 |     6 ||    10
       Scroll            |       |       |    19 |     8 ||    27
 Stab: Sleeping          |       |       |     1 |    14 ||    15
       Distracted        |       |       |       |     1 ||     1
  Eat: Chunk             |     2 |    10 |    15 |     1 ||    28
       Pizza             |       |       |     1 |       ||     1
       Meat ration       |       |       |       |     1 ||     1
